 Dungeon Crawl Stone Soup version 0.19-a0-47-g1fa3c7d (webtiles) character file.

473 Eucla the Ruffian (level 6, -2/61 HPs)
             Began as a Troll Monk on May 6, 2016.
             Killed by divine providence
             ... invoked by an orc priest
              (17 damage)
             ... on level 4 of the Dungeon.
             The game lasted 00:03:02 (2468 turns).

Eucla the Ruffian (Troll Monk)                      Turns: 2468, Time: 00:03:03

Health: -2/61      AC:  5    Str: 21    XL:     6   Next: 84%
Magic:  5/5        EV: 11    Int:  6    God:
Gold:   138        SH:  0    Dex: 13    Spells: 0 memorised, 5 levels left

rFire  . . .     SeeInvis .       - Unarmed
rCold  . . .     Gourm    +     a - +0 robe
rNeg   . . .     Faith    .     (no shield)
rPois  .         Spirit   .     (helmet restricted)
rElec  .         Dismiss  .     (no cloak)
rCorr  .         Reflect  .     (gloves unavailable)
SustAt .         Harm     .     (boots unavailable)
MR     .....                    (no amulet)
Stlth  +.........               (no ring)
                                (no ring)

@: confused, not resistant to hostile enchantments, very unstealthy
A: unfitting armour, claws 3, fast metabolism 3, gourmand, regeneration 2,
shaggy fur 1, tough skin 2
a: no special abilities


You were on level 4 of the Dungeon.
You were not hungry.

You visited 1 branch of the dungeon, and saw 4 of its levels.
You also visited: Sewer.

You collected 138 gold pieces.

Inventory:

Hand Weapons
 r - a +0 blowgun
Missiles
 p - a throwing net (quivered)
 q - 18 poisoned needles
Armour
 a - a +0 robe (worn)
Scrolls
 c - 2 scrolls of magic mapping {unknown}
 d - a scroll of teleportation {unknown}
 e - a scroll of fear {unknown}
 f - a scroll of identify {unknown}
 g - 2 scrolls of enchant armour {unknown}
 j - 2 scrolls of recharging {unknown}
 n - a scroll of remove curse {unknown}
Potions
 h - 3 potions of flight
Comestibles
 b - 4 bread rations
 i - a slice of pizza
 k - 2 beef jerkies


   Skills:
 + Level 3.5 Fighting
 + Level 4.0 Dodging
 - Level 1.1 Stealth
 * Level 6.5 Unarmed Combat


You had 5 spell levels left.
You didn't know any spells.

Dungeon Overview and Level Annotations

Branches:
Dungeon (4/15)             Temple (0/1) D:4

Altars:
Vehumet


Innate Abilities, Weirdness & Mutations

You are too large for most types of armour.
You have claws for hands.
Your metabolism is lightning-fast.
You like to eat raw meat.
You heal very quickly.
You are covered in fur (AC +1).
You have very tough skin (AC +2).


Message History

You barely miss something.
The orc priest invokes the aid of Beogh against you.
Beogh smites you!
* * * LOW HITPOINT WARNING * * *
You scratch something. Something hits you but does no damage.
Unknown command.
Drink which item? (? for menu, Esc to quit)
You feel better. Something hits you but does no damage.
The orc priest calls down the wrath of Beogh upon you.
Beogh smites you!
* * * LOW HITPOINT WARNING * * *
Drink which item? (? for menu, Esc to quit)
You feel better. Something hits you.
* * * LOW HITPOINT WARNING * * *
Unknown command.
You hear some strange, mumbled words.
You are confused.
The orc priest invokes the aid of Beogh against you.
Beogh smites you!
You die...

##.#....####. #....#### #.
##.### #. ### #.# ##+ ..#
##†## ##.. ###.# ##...## ##...
##.#.# ##.#.#.####....
####....########.#.<...##.....
+.......oo>{.@......(...'.....
####....##########....###.....
#....#.# ##.#.# ##....
#.>..#.# ###.# ##... #?.o ..#
####.### ##.. ###. ###
#......# ##+ # #.##.#.# #.
#.##.#.#####. #.##.......#.


You could see an orc priest and an orc.

Vanquished Creatures
  Grinder (D:3)
  A big kobold (Sewer)
  2 orc priests
  3 adders
  5 river rats
  An adder skeleton (D:4)
  A worm (D:2)
  A giant gecko (D:1)
  4 orcs
  A ball python (D:3)
  3 giant cockroaches
  11 hobgoblins
  13 jackals
  13 kobolds
  10 bats
  4 giant newts
  9 goblins
  8 rats
91 creatures vanquished.

Notes
Turn   | Place    | Note
--------------------------------------------------------------
     0 | D:1      | Eucla the Troll Monk began the quest for the Orb.
     0 | D:1      | Reached XP level 1. HP: 22/22 MP: 0/0
   195 | D:1      | Reached XP level 2. HP: 29/29 MP: 1/1
   936 | D:2      | Reached XP level 3. HP: 33/36 MP: 2/2
  1554 | D:3      | Reached XP level 4. HP: 41/44 MP: 3/3
  1596 | D:3      | Reached skill level 5 in Unarmed Combat
  1741 | D:3      | Found a radiant altar of Vehumet.
  1798 | D:3      | Noticed Grinder
  1804 | D:3      | Paralysed by Grinder for 2 turns
  1815 | D:3      | Killed Grinder
  1815 | D:3      | Reached skill level 6 in Unarmed Combat
  1815 | D:3      | Reached XP level 5. HP: 27/53 MP: 4/4
  1815 | D:3      | Reached XP level 6. HP: 32/61 MP: 5/5
  1901 | D:3      | Found a glowing drain.
  1933 | Sewer    | Entered a sewer
  2033 | Sewer    | Found a white marble altar of Elyvilon.
  2447 | D:4      | Found a staircase to the Ecumenical Temple.
  2468 | D:4      | Killed from afar by an orc priest

Vault maps used:
D:1:      minmay_arrival_widening_spiral_wide
D:3:      vehumet_crystals, serial_glass, glass_columns_b, glass_columns_a,
          portal_sewer_entry_b, lemuel_another_geyser, uniq_grinder
D:4:      grunt_temple_overflow_champion_of_chaos,
          nicolae_overflow_crystal_walls, minmay_temple_entry_butterflies,
          first_bread, kennysheep_generic_room_4
Sewer:    sewer_kobolds

Skill      XL: |  1  2  3  4  5  6 |
---------------+-------------------+-----
Dodging        | 3 4 |  4.0
Unarmed Combat | 6 |  6.5
Fighting       | 3 |  3.5
Stealth        | |  1.1

Action                   |  1- 3 |  4- 6 || total
-------------------------+-------+-------++-------
Melee: Unarmed           |    98 |   115 ||   213
  Use: Potion            |       |     8 ||     8
 Stab: Sleeping          |     4 |     1 ||     5
  Eat: Chunk             |    16 |     9 ||    25
Armor: Robe              |    34 |    51 ||    85
Dodge: Dodged            |    57 |    76 ||   133
